Cogmind - Beta 14 @@@ ROGUE MODE // 2024.09.18 @ 14:32:41 Player: rice Result: Self-destructed Performance ------------- Evolutions (2) 1000 Regions Visited (3) 600 Robots Destroyed (28) 140 Value Destroyed (828) 828 Prototype IDs (12) 240 Alien Tech Used (0) 0 Bonus (10) 10 TOTAL SCORE: 2818 Bonus ------- Follower Combat Kills 33 Friendly Fire -23 Cogmind --------- Core Integrity 550/550 Matter 248/300 Energy 100/100 System Corruption 0% Temperature Cool (0) Movement Treading (160) Location -8/Materials Parts ------- > --- POWER (1) -------- Subdweller Power Source > --- PROPULSION (3) --- Light Treads Light Treads > --- UTILITY (5) ------ Medium Storage Unit V3-11A's Pendant > --- WEAPON (2) ------- Riot Gun Grenade Launcher > --- INVENTORY (10) --- Light Nuclear Core Light Treads Light Treads Light Treads Subdweller Monowheel Structural Scanner Structural Scanner Light Armor Plating Light Armor Plating Assault Rifle Peak State ------------ > --- POWER ------------ Makeshift Power Source > --- PROPULSION ------- Light Treads Light Treads > --- UTILITY ---------- Medium Storage Unit Light Armor Plating > --- WEAPON ----------- Riot Gun Assault Rifle > --- INVENTORY -------- Light Nuclear Core Light Treads Light Treads Light Treads Structural Scanner Structural Scanner Light Armor Plating Grenade Launcher [Rating: 13] Favorites ----------- Power Subdweller Power Source Engine Subdweller Power Source Propulsion Light Treads Treads Light Treads Leg Aluminum Leg Utility Medium Storage Unit Device V3-11A's Pendant Storage Medium Storage Unit Protection Light Armor Plating Weapon Assault Rifle Energy Gun Riot Gun Ballistic Gun Assault Rifle Launcher Grenade Launcher Build | -11 -10 -10 -8 ------- Run | Yrd Mat Sub Mat Slots Evolved 4 | . . . 4 Power . | . . . . Propulsion 1 | . . . 1 Utility 3 | . . . 3 Weapon . | . . . . Parts Attached 24 | 6 8 10 . Power 3 | 1 . 2 . Engine 3 | 1 . 2 . Core . | . . . . Reactor . | . . . . Propulsion 7 | 2 4 1 . Treads 3 | . 2 1 . Leg 4 | 2 2 . . Wheel . | . . . . Hover . | . . . . Flight . | . . . . Utility 5 | 1 2 2 . Device 2 | . 1 1 . Storage 2 | 1 1 . . Processor . | . . . . Hackware . | . . . . Protection 1 | . . 1 . Artifact . | . . . . Weapon 9 | 2 2 5 . Energy Gun 2 | . 1 1 . Energy Cannon . | . . . . Ballistic Gun 5 | 2 1 2 . Ballistic Cannon . | . . . . Launcher 2 | . . 2 . Special Weapon . | . . . . Impact Weapon . | . . . . Slashing Weapon . | . . . . Piercing Weapon . | . . . . Special Melee Weapon . | . . . . Unidentified Prototypes 1 | . . 1 . Parts Lost 5 | . 1 4 . Power 1 | . . 1 . Propulsion 1 | . . 1 . Utility . | . . . . Weapon 3 | . 1 2 . Highest Loss Streak 2 | . 1 2 . To Critical Strikes . | . . . . Average Slot Usage (%) 97 | . 97 97 63 Engine 13 | . 14 13 9 Treads 20 | . 11 26 18 Leg 6 | . 16 . . Device 10 | . 12 9 9 Storage 13 | . 14 14 9 Protection 2 | . . 4 . Energy Gun 10 | . 6 13 9 Ballistic Gun 9 | . 20 3 . Launcher 7 | . . 11 9 Peak Build Rating 13 | 6 8 13 13 Average Rating 10 | 3 7 12 13 On Entrance 6 | . 6 8 13 Naked Turns . | . . . . Heaviest Build 24 | 14 20 24 22 Greatest Support 40 | 20 40 40 40 Greatest Overweight (x) 1 | . . 1 . Average Overweight (x) . | . . . . Largest Inventory Capacity 10 | 8 10 10 10 Average Capacity 9 | 6 8 10 10 Most Carried 10 | 4 10 10 10 Average Carried 8 | 2 6 9 10 Final Capacity 10 | 8 10 10 10 Final Carried 10 | 4 10 10 10 Class Distribution -------------------- 100% | Mutant Dominant Class ---------------- Mutant | -10/Materials Mutant | -10/Subcaves Mutant | -8/Materials Resources | -11 -10 -10 -8 ----------- Run | Yrd Mat Sub Mat Matter Collected 998 | 235 408 355 . Remotely . | . . . . Salvage Created 1030 | . 738 292 . Parts 67 | . 41 26 . Haulers Intercepted 2 | . 2 . . Recyclers Shooed 1 | . 1 . . Parts Field Recycled . | . . . . Retrieved Matter . | . . . . Parts Self-Destructed 4 | . . 4 . Prevented . | . . . . Kills | -11 -10 -10 -8 ------- Run | Yrd Mat Sub Mat Combat Hostiles Destroyed 22 | . 14 8 . Guns 19 | . 14 5 . AOE 3 | . . 3 . Classes Destroyed 7 | . 6 1 . Hauler 2 | . 2 . . Recycler 1 | . 1 . . Operator 1 | . 1 . . Watcher 2 | . 2 . . Swarmer 3 | . 3 . . Grunt 11 | . 11 . . Subdweller 8 | . . 8 . Best Kill Streak 3 | . 3 2 . Combat Bots Only 3 | . 3 2 . Max Kills in Single Turn 1 | . 1 1 . Gunslinging . | . . . . Exploded 1 | . . 1 . Melee . | . . . . Uniques/NPCs Destroyed . | . . . . Combat | -11 -10 -10 -8 -------- Run | Yrd Mat Sub Mat Hostile Shots Fired 95 | . 55 40 . Missed 26 | . 13 13 . Damage Taken 1195 | . 495 700 . Core 198 | . 105 93 . Absorbed by Shields . | . . . . Regen/Repaired (Parts) 71 | . 71 . . Core Remaining (%) 60 | 100 . 20 . Volleys Fired 114 | . 64 50 . Largest 2 | . 2 2 . Hottest 80 | . 60 80 . Shots Fired 197 | . 127 70 . Gun 173 | . 127 46 . Cannon . | . . . . Launcher 24 | . . 24 . Special . | . . . . Kinetic 137 | . 109 28 . Thermal . | . . . . Explosive 24 | . . 24 . Electromagnetic 36 | . 18 18 . Robot Hit Streak 11 | . 7 11 . Robot Miss Streak 7 | . 7 2 . Penetration Max . | . . . . Secondary Targets 1 | . 1 . . Max Gunslinging Chain 1 | . 1 . . Shots Hit Robots 123 | . 83 40 . Core Hits 53 | . 34 19 . Critical Kills . | . . . . Critical Parts Destroyed . | . . . . Critical Strikes . | . . . . Melee Attacks . | . . . . Impact . | . . . . Slashing . | . . . . Piercing . | . . . . Sneak Attacks . | . . . . Combat Hostiles . | . . . . Follow-up Attacks . | . . . . Damage Inflicted 1913 | . 1150 763 . Guns 1514 | . 1089 425 . Cannons . | . . . . Explosions 380 | . 42 338 . Melee . | . . . . Ramming 19 | . 19 . . Kinetic 1164 | . 892 272 . Thermal 42 | . 42 . . Explosive 338 | . . 338 . Electromagnetic 350 | . 197 153 . Impact . | . . . . Slashing . | . . . . Piercing . | . . . . Highest Corruption . | . . . . Average Corruption . | . . . . Corruption Purged . | . . . . Corruption Blocked . | . . . . Overload Shots . | . . . . Overflow Damage . | . . . . Projectiles . | . . . . Explosions . | . . . . Melee . | . . . . Knockbacks . | . . . . Impact . | . . . . Kinetic . | . . . . Secondary . | . . . . Self-Inflicted Damage 73 | . . 73 . Shots 3 | . . 3 . Rammed 2 | . 2 . . Targets Rammed 7 | . 7 . . Kicked 5 | . 5 . . Crushed . | . . . . Highest Temperature 20 | . 20 . . Average Temperature 6 | . 6 . . Received Heat Transfer 357 | . 273 84 . Siege Activations . | . . . . Robots Corrupted . | . . . . Combat Hostiles . | . . . . Parts Fried . | . . . . Impact Corruptions . | . . . . Robots Melted . | . . . . Combat Hostiles . | . . . . Parts Melted . | . . . . Heat Transferred 50 | . 50 . . Parts Sabotaged . | . . . . Parts Stolen . | . . . . Parts Stripped . | . . . . Power Chain Reactions 1 | . 1 . . Alert | -11 -10 -10 -8 ------- Run | Yrd Mat Sub Mat Peak Influence 243 | . 243 . . Initial . | . . . . Average 108 | . 114 . . Maximum Alert Level 1 | . 1 . . Low Security (%) 80 | 100 79 . 100 Level 1 19 | . 20 . . Level 2 . | . . . . Level 3 . | . . . . Level 4 . | . . . . Level 5 . | . . . . High Security . | . . . . Max Security . | . . . . Squads Dispatched 4 | . 3 . 1 Investigation . | . . . . Extermination . | . . . . Reinforcement 4 | . 3 . 1 Assault . | . . . . Garrison . | . . . . Intercept . | . . . . Searches Triggered . | . . . . Construction Impeded . | . . . . Haulers Reinforced . | . . . . Active Scanning Responses . | . . . . Cargo Convoy Interrupts . | . . . . Stealth | -11 -10 -10 -8 --------- Run | Yrd Mat Sub Mat Distress Signals 2 | . 1 . 1 Communications Jammed . | . . . . Distress Signals . | . . . . Times Spotted 40 | . 30 10 . Peak Tracking Total 4 | . 4 2 . Tactical Retreats 5 | . 5 . . Traps | -11 -10 -10 -8 ------- Run | Yrd Mat Sub Mat Traps Triggered . | . . . . Indirectly . | . . . . Trap Hack Attempts . | . . . . Triggered . | . . . . Disarmed . | . . . . Reprogrammed . | . . . . Reused . | . . . . Traps Extracted . | . . . . Installed . | . . . . Triggered . | . . . . Machines | -11 -10 -10 -8 ---------- Run | Yrd Mat Sub Mat Machines Disabled 2 | . 2 . . Max in Single Turn 1 | . 1 . . Machines Repaired . | . . . . Machines Dismantled . | . . . . Machines Sabotaged . | . . . . Overloaded Fab Kills . | . . . . Hacking | -11 -10 -10 -8 --------- Run | Yrd Mat Sub Mat Machines Accessed 7 | . 6 1 . Terminals 4 | . 4 . . Fabricators . | . . . . Repair Stations 1 | . 1 . . Recycling Units 1 | . 1 . . Scanalyzers . | . . . . Garrison Access . | . . . . Total Hacks 27 | . 18 9 . Successful 18 | . 9 9 . Failed 9 | . 9 . . Catastrophic 1 | . 1 . . Database Lockouts . | . . . . Manual 10 | . 10 . . Terminals 13 | . 13 . . Fabricators . | . . . . Repair Stations 3 | . 3 . . Recycling Units 2 | . 2 . . Scanalyzers . | . . . . Garrison Access . | . . . . Terminal Hacks 10 | . 1 9 . Record 8 | . . 8 . Robot Analysis 1 | . 1 . . Derelict Proto ID Bank 1 | . . 1 . Fabricator Hacks . | . . . . Repair Station Hacks 2 | . 2 . . Scan Component 1 | . 1 . . Repair 1 | . 1 . . Recycling Unit Hacks 2 | . 2 . . Retrieve Components 2 | . 2 . . Scanalyzer . | . . . . Garrison Access Hacks . | . . . . Unauthorized Hacks 4 | . 4 . . Terminals 4 | . 4 . . Track 1 | . 1 . . Assimilate 1 | . 1 . . Botnet 2 | . 2 . . Fabricators . | . . . . Repair Stations . | . . . . Recycling Units . | . . . . Scanalyzers . | . . . . Garrison Access . | . . . . Data Cores Recovered . | . . . . Used . | . . . . Hacking Detections 4 | . 4 . . Full Trace Events . | . . . . Feedback Events . | . . . . Feedback Blocked . | . . . . Robot Schematics Acquired . | . . . . Robots Built . | . . . . Authchips . | . . . . Time . | . . . . Total Robot Build Rating . | . . . . Part Schematics Acquired . | . . . . Parts Built . | . . . . Authchips . | . . . . Time . | . . . . Total Part Build Rating . | . . . . Parts Repaired 1 | . 1 . . Time 26 | . 26 . . Parts Recycled . | . . . . Recycled Matter . | . . . . Retrieved Matter . | . . . . Retrieved Components 3 | . 3 . . Parts Scanalyzed . | . . . . Part Schematics Acquired . | . . . . Parts Damaged . | . . . . Bothacking | -11 -10 -10 -8 ------------ Run | Yrd Mat Sub Mat Used RIF Installer . | . . . . Robots Hacked . | . . . . Non-combat . | . . . . Combat . | . . . . Robot Hacks Applied . | . . . . Relay Couplers Released . | . . . . Fabnet Peak Effective % . | . . . . Robots Rewired . | . . . . Allies Hacked . | . . . . Hacks Repelled . | . . . . Allies | -11 -10 -10 -8 -------- Run | Yrd Mat Sub Mat Total Allies 3 | . . 3 . Largest Group 2 | . . 2 2 Highest-Rated Group 38 | . . 38 38 Highest-Rated Ally 19 | . . 19 19 Total Orders . | . . . . Ally Attacks 4 | . . 3 1 Total Damage 75 | . . 75 . Kills 1 | . . 1 . Allies Corrupted . | . . . . Allies Melted . | . . . . Intel | -11 -10 -10 -8 ------- Run | Yrd Mat Sub Mat Robot Analysis Total 1 | . 1 . . Derelict Logs Recovered 2 | . . 2 . Drone Launches . | . . . . Drone Recoveries . | . . . . Exploration | -11 -10 -10 -8 ------------- Run | Yrd Mat Sub Mat Turns Passed 5229 | 77 1984 3129 39 Spaces Moved 2993 | 57 1156 1756 24 Core 6 | 6 . . . Treads 2250 | . 470 1756 24 Legs 737 | 51 686 . . Wheels . | . . . . Hover . | . . . . Flight . | . . . . Fastest Speed 50 | 50 120 160 160 Average Speed 154 | 112 136 167 160 Slowest Speed 240 | 120 160 240 160 Overloaded Moves . | . . . . Propulsion Burnouts . | . . . . Robots Hopped . | . . . . Cave-ins Triggered . | . . . . Exploration Rate (%) 45 | 3 96 77 4 Regions Visited 3 Branch Regions 1 Pre-discovered Areas 2 | . . 2 . Known Exits Taken . | . . . . Unknown Exits Taken 3 | 1 1 1 . Scrap Searched . | . . . . Spaces Dug 25 | . . 25 . Terrain Destroyed 109 | . 5 104 . Melee . | . . . . Projectile . | . . . . AOE 109 | . 5 104 . Terrain Rammed . | . . . . Walls Destroyed . | . . . . Machines Disabled . | . . . . Actions | -11 -10 -10 -8 --------- Run | Yrd Mat Sub Mat Total 3408 | 67 1438 1879 24 Wait 245 | . 184 61 . Move 2990 | 56 1155 1755 24 Hop . | . . . . Pick Up 20 | 5 12 3 . Fast Attach 8 | 5 2 1 . Attach 5 | 1 1 3 . Detach . | . . . . Swap 11 | . 5 6 . Drop 8 | . 8 . . Fire 114 | . 64 50 . Melee . | . . . . Ram . | . . . . Kick 5 | . 5 . . Crush 2 | . 2 . . Escape Stasis . | . . . . Rewire . | . . . . Trap . | . . . . Miscellaneous . | . . . . Route ------- -11/Scrapyard -10/Materials (discovered 5 exits: [*Mat x3] / [*Min] / *Sub) -10/Subcaves (discovered 2 exits: [*Mat x2]) -8/Materials History --------- Turn | Location | Event 2 | -11/Scrapyard | Met Revision 17 3 | -11/Scrapyard | Discovered new exit (range 16) 78 | -11/Scrapyard | Entered Materials 278 | -10/Materials | Discovered new exit (range 16) 307 | -10/Materials | Build established: Mutant 330 | -10/Materials | Discovered new exit (range 8) 812 | -10/Materials | Discovered new exit (range 15) 983 | -10/Materials | Discovered new exit (range 14) 1289 | -10/Materials | Repaired Assault Rifle 1400 | -10/Materials | Discovered new exit (range 11) 2062 | -10/Materials | Entered Subcaves 2067 | -10/Subcaves | Learned location of Zion (-6) 2067 | -10/Subcaves | Met a Zionite searching for "candidates" 2202 | -10/Subcaves | A Subdweller sparked back to life 2286 | -10/Subcaves | Discovered new exit (range 10) 2305 | -10/Subcaves | Shifting Twisted Machinery released Riot Gun 2310 | -10/Subcaves | Shifting Twisted Machinery released Sub. Beam Cannon 2333 | -10/Subcaves | Ambushed by Subdweller buried in earth 2344 | -10/Subcaves | Core integrity fell below 50% 2504 | -10/Subcaves | A swath of the cavern ceiling suddenly collapsed 2584 | -10/Subcaves | Discovered new exit (range 11) 2897 | -10/Subcaves | A swath of the cavern ceiling suddenly collapsed 3140 | -10/Subcaves | Visited 4L-MR0's lab 3243 | -10/Subcaves | Visited triangular shrine 3253 | -10/Subcaves | Found Prototype Device 3253 | -10/Subcaves | Identified V3-11A's Pendant 3258 | -10/Subcaves | Befriended Subdweller 3388 | -10/Subcaves | Befriended Subdweller 3388 | -10/Subcaves | Befriended Subdweller 3645 | -10/Subcaves | Shifting Twisted Machinery released Sub. Monowheel 5191 | -10/Subcaves | Entered Materials 5191 | -8/Materials | Accompanied by 2 allies 5191 | -8/Materials | Evolved 4 slots: Propulsion x1, Utility x3 5230 | -8/Materials | Self-destructed Last Messages --------------- to Scrap Shield. Sub. Monowheel falls loose from the Twisted Machinery. 03686_ A7-HKD(u) tweaks Twisted Machinery. 04079_ 85-081(R) affixes Scrap Shield Fragment to Scrap Shield. 04227_ Acquired derelict log, extracted data. Data stored: Mines entrances (x2). 04230_ Sub. Power Source shoots sparks and powers down. 04741_ A7-HKD(u) tweaks Twisted Machinery. 04754_ A7-HKD(u) builds Twisted Machinery. 04759_ A7-HKD(u) tweaks Twisted Machinery. 05007_ IW-ZJ5(u) tweaks Twisted Machinery. 05190_ Acquired 39 matter. PARAMETERS=PROPULSION+1,UTILITY+3 LOCATION=UNKNOWN GOAL=ESCAPE 05194_ ALERT: Hostiles spotted, dispatching reinforcements to Terminal M010. Map ----- +----------------------------------------------------+ | ???# #??????????????????? | | ???# #??????????????????? | | ???# #??????????????????? | | ???# #??????????????????? | | ???# #??????????????????? | | ???# #??????????????????? | | ???# #??????????????????? | | ???# #??????????????????? | | ???# #??????????????????? | | ???# #??????????????????? | | ???# #??????????????????? | | ???# #??????????????????? | | ???# #??????????????????? | | ???### #????????? #??????? | | ?????# ####### #??????? | | ?????# ? | | ?????# #### ? | | ?????# #????????? ? | | ?????# #???????????????? | | ###### #???????????????? | | # # #???????????????? | | # # #???????????????? | | # # #???????????????? | | # # #???????????????? | | # + #???????????????? | | # @ R# #???????????????? | | #! # #???????????????? | | # # #???????????????? | | # ######???????????????? | | ######????????????????????? | | ??????????????????????????? | | ??????????????????????????? | | | | | | | | | | | | | | | | | | | | | | | | | | | | | | | | | | | | | +----------------------------------------------------+ Best States ------------- Heat Dissipation 31 Energy Generation 15 Energy Capacity 250 Matter Stores 300 Matter Capacity 300 Sight Range 16 Terrain Scan Density 10 Armor Coverage 150 Evasion (%) 55 Recoil Reduction 2 Item Schematics ----------------- None Robot Schematics ------------------ None Fabricated ------------ Nothing Alien Tech Used ----------------- None Achievements -------------- None Challenges ------------ None Game ------ Seed ConstructZhirovSteel Manual? 0 Play Time 00:25:09 Cumulative 44.3 hours Start 2024.09.18 @ 14:03:03 End 2024.09.18 @ 14:32:41 Sessions 1 Manual Loads 0 Difficulty Rogue Special Mode None Game No. 83 Rogue 83 Adventurer 0 Explorer 0 Win Type - Total 0 Types 0/0/0/0/0/0/0/0/0 Lore% 16 Gallery% 35 Achievement% 30 Wizard Run 0 Options --------- Layout 1 ASCII 0 Keyboard 1 Movement Numpad Keybinds 0 Fullscreen 1 Font 24/Smallcaps Map View 50x35 Zoom Use 0% Tactical HUD 1 Map Filters NONE Filters NONE Steam 1 RUN: e26b6dd1-cec3-495d-b510-6bcddcb18b5f